 Dungeon Crawl Stone Soup version 0.31.0-32-g396128a36d (webtiles) character file.

Game seed: 15621290824959066719

9 spaghetti the Slasher (level 2, -2/28 HPs)
             Began as a Naga Berserker on Mar 24, 2024.
             Was a Follower of Trog.
             Slain by a ribbon worm (4 damage)
             ... on level 1 of the Dungeon.
             The game lasted 00:00:49 (903 turns).

spaghetti the Slasher (Naga Berserker)               Turns: 903, Time: 00:00:50

Health: -2/28      AC:  1    Str: 18 (19) XL:     2   Next: 16%
Magic:  2/2        EV:  9    Int:  5 (7)  God:    Trog [*.....]
Gold:   37         SH:  0    Dex:  7 (10) Spells: 1/1 levels left

rFire   . . .        a - +0 falchion
rCold   . . .        (no shield)
rNeg    . . .        b - +0 animal skin
rPois   +            (no helmet)
rElec   .            (no cloak)
rCorr   .            (no gloves)
SInv    +            (no barding)
Will    .....        (no amulet)
Stlth   +            (no ring)
HPRegen 0.24/turn    (no ring)
MPRegen 0.08/turn

%: no passive effects
@: on berserk cooldown, hasted, invisible, quick
A: AC +0, large, see invisible, deformed body, poison resistance, slowness 2,
spit poison 1, naga tail 1
a: Spit Poison, Renounce Religion, Berserk


You were on level 1 of the Dungeon.
You worshipped Trog.
Trog was aware of your devotion.
You visited 1 branch of the dungeon, and saw 2 of its levels.

You collected 37 gold pieces.

Inventory:

Hand Weapons
 a - a +0 falchion (weapon)
Armour
 b - a +0 animal skin (worn)


   Skills:
 - Level 3.0 Fighting
 + Level 3.6 Long Blades
 - Level 1.5 Armour
 - Level 1.5 Dodging


You had one spell level left.
You didn't know any spells.
Your spell library was empty.

Dungeon Overview and Level Annotations

Branches:
Dungeon (2/15)

Altars:


Innate Abilities, Weirdness & Mutations

Your serpentine skin is tough. (AC +0)
You have supernaturally acute eyesight. (SInv)
Armour fits poorly on your strangely shaped body.
Your system is resistant to poisons. (rPois)
You cover ground very slowly.
You can spit poison.
You have a snake-like lower body.


Message History

It was a potion of berserk rage.
You're still recovering from your berserk rage.
It was a potion of invisibility.
You fade into invisibility!
You see here a +0 leather armour.
A ribbon worm is nearby!
A ribbon worm is nearby!
The ribbon worm expels a string of sticky webbing.
The ribbon worm expels a string of sticky webbing.
You see here a +0 dagger.
You hit the ribbon worm.
The ribbon worm is lightly wounded.
The ribbon worm closely misses you.
You barely miss the ribbon worm.
The ribbon worm is lightly wounded.
The ribbon worm closely misses you.
You catch the helpless ribbon worm completely off-guard!
You hit the ribbon worm but do no damage.
You feel yourself speed up. The ribbon worm closely misses you.
You hit the ribbon worm.
The ribbon worm is lightly wounded.
The ribbon worm bites you!
* * * LOW HITPOINT WARNING * * *
You barely miss the ribbon worm.
The ribbon worm is lightly wounded.
The ribbon worm expels a string of sticky webbing.
The stream of webbing misses you.
You slash the ribbon worm!
The ribbon worm is moderately wounded.
You barely miss the ribbon worm.
The ribbon worm is moderately wounded.
The ribbon worm bites you.
* * * LOW HITPOINT WARNING * * *
You hit the ribbon worm but do no damage.
The ribbon worm is moderately wounded.
You hit the ribbon worm.
The ribbon worm is severely wounded.
The ribbon worm bites you.
You die...

....#### #....+⌠<⌠'..#.#.#.
.......# #.#..##⌠##..#.#.#.
...>##.# #.##..#+#..##.#.#.
....##.# #.....#+#..##.###.
....##.## ##...##.##..#.....
....##..#### #[.##...##...####
....###....# #.....8.....##
##########.######.###########
#............)@..#..#
#......#.....w##.#..#
#...............>#..###########
##.......#######.##.............
##......#.# #.###.###########
#.......#.# #......#.......#
....P.P...##############.#####.#
..P...PP...............#.#...#.#
.PP.8.PP.#############.#.#.#.#.#


You could see a ribbon worm (unable to see you, catching breath).

Vanquished Creatures
  A dart slug (D:1)
  A ball python (D:1)
  An endoplasm (D:1)
  A giant cockroach (D:1)
  A quokka (D:1)
  A goblin (D:1)
  A rat (D:1)
7 creatures vanquished.

Notes
Turn   | Place    | Note
-------+----------+-------------------------------------------
     0 | D:1      | spaghetti the Naga Berserker began the quest for the Orb.
     0 | D:1      | Reached XP level 1. HP: 21/21 MP: 1/1
   513 | D:1      | Reached XP level 2. HP: 3/28 MP: 2/2
   903 | D:1      | Slain by a ribbon worm

Illustrated notes

Levels and vault maps discovered:
D:1:      grunt_arrival_crossed_arrows, layout_basic,
          dreamdust_mushroom_princess
D:2:      layout_loops_cross, serial_shops, nicolae_shop_waterfront, basic_altar

Action                     || total
---------------------------++-------
  Melee: Falchion          ||    44
         Punch             ||     1
 Invoke: Berserk           ||     2
    Use: Potion            ||     4
         Scroll            ||     1
   Stab: Invisible         ||     1
 Armour: Animal skin       ||    43
  Dodge: Dodged            ||    30
